 Dungeon Crawl Stone Soup version 0.17-a0-2093-gc772f4b (webtiles) character file.

198 brucemayne the Cleaver (level 5, -1/67 HPs)
             Began as a Hill Orc Berserker on Oct 16, 2015.
             Was a Follower of Trog.
             Slain by an orc
             ... wielding a +0 flail
              (9 damage)
             ... on level 6 of the Dungeon.
             The game lasted 00:02:07 (657 turns).

brucemayne the Cleaver (Hill Orc Berserker)          Turns: 657, Time: 00:02:07

Health: -1/67      AC:  2    Str: 26    XL:     5   Next: 76%
Magic:  5/5        EV: 12    Int:  7    God:    Trog [*.....]
Gold:   23         SH:  0    Dex: 10    Spells: 0 memorised, 4 levels left

rFire  . . .     SeeInvis .     a - +0 hand axe
rCold  . . .     Clarity  .     b - +0 animal skin
rNeg   . . .     SustAt   .     (no shield)
rPois  .         Gourm    .     (no helmet)
rElec  .         Spirit   .     (no cloak)
rCorr  .         Warding  .     (no gloves)
rMut   .         Stasis   .     (no boots)
MR     .....                    (no amulet)
Stlth  ..........               (no ring)
                                (no ring)

@: berserking, very quick, not resistant to hostile enchantments, extremely
unstealthy
A: no striking features
a: Burn Spellbooks, Berserk, Renounce Religion


You were on level 6 of the Dungeon.
You worshipped Trog.
Trog was aware of your devotion.
You were hungry.

You visited 1 branch of the dungeon, and saw 6 of its levels.

You collected 23 gold pieces.

Inventory:

Hand Weapons
 a - a +0 hand axe (weapon)
 d - a +1 short sword of venom
Missiles
 k - 9 poisoned needles
Armour
 b - a +0 animal skin (worn)
Scrolls
 g - a scroll of remove curse {unknown}
 h - a scroll of identify {unknown}
Potions
 e - 2 potions of curing {unknown}
 i - 2 potions of poison {unknown}
Comestibles
 c - 2 bread rations
 f - a slice of pizza
 j - a chunk of flesh


   Skills:
 - Level 3.6 Fighting
 + Level 8.3 Axes
 - Level 2.1 Armour
 - Level 1.5 Dodging


You had 4 spell levels left.
You didn't know any spells.

Dungeon Overview and Level Annotations

Branches:
Dungeon (6/15)
 Temple: D:4-7

Altars:
Cheibriados


Message History

You feel somewhat more hungry.
You barely miss the orc priest.
The orc priest threatens, "By the altar or by the axe, you will meet Beogh!"
You are feeling hungry.
You slash the orc priest!
The orc priest is heavily wounded.
The orc priest looks braver for a moment.
You barely miss the orc priest.
The orc priest is heavily wounded.
You barely miss the orc priest.
The orc priest is heavily wounded.
The orc priest miscasts a cantrip.
You hit the orc priest.
The orc priest is almost dead.
You hit the orc priest.
You kill the orc priest!
Trog accepts your kill.
Your Axes skill increases to level 8!
The orc hits you with a flail!
You die...

#..<#
#.###.#
#.# .#
#.# .#
#.# .#
#.# .#
#.# o#
#.###o#
#...@o#
#####.#
##


You could see 3 orcs.

Vanquished Creatures
  An ogre (D:5)
  An orc priest (D:6)
  A worker ant (D:5)
  An orc wizard (D:4)
  A gnoll (D:5)
  A giant gecko (D:1)
  2 orcs (D:4)
  A giant cockroach (D:5)
  2 goblins (D:2)
  2 hobgoblins (D:1)
  6 jackals (D:1)
  A quokka (D:4)
  A bat (D:1)
  4 kobolds (D:1)
  A rat (D:3)
26 creatures vanquished.

Notes
Turn   | Place    | Note
--------------------------------------------------------------
     0 | D:1      | brucemayne the Hill Orc Berserker began the quest for the Orb.
     0 | D:1      | Reached XP level 1. HP: 19/19 MP: 1/1
   321 | D:1      | Reached XP level 2. HP: 26/26 MP: 2/2
   342 | D:1      | Reached skill level 5 in Axes
   536 | D:4      | Reached XP level 3. HP: 28/31 MP: 3/3
   538 | D:4      | Reached skill level 6 in Axes
   573 | D:5      | Entered Level 5 of the Dungeon
   573 | D:5      | Noticed an ogre
   580 | D:5      | Found a snail-covered altar of Cheibriados.
   611 | D:5      | Reached XP level 4. HP: 23/39 MP: 4/4
   612 | D:5      | Killed an ogre
   612 | D:5      | Reached skill level 7 in Axes
   612 | D:5      | Reached XP level 5. HP: 21/45 MP: 5/5
   656 | D:6      | Reached skill level 8 in Axes
   657 | D:6      | Slain by an orc

Vault maps used:
D:1:      nicolae_arrival_somewhat_less_tricky_arrival, minmay_misc_feat_five
D:2:      makhleb_altar_promises_db, minmay_box_of_dots
D:3:      portal_sewer_entry_f, uniq_crazy_yiuf_cottage, uniq_terence
D:4:      nicolae_gozag_seed_capital, minmay_temple_entry_overgrown,
          first_bread, eino_tiny_chamber
D:5:      slow_altar_1, kennysheep_little_box, trog_hazing_becter
D:6:      uniq_pikel

Action                   |  1- 3 |  4- 6 || total
-------------------------+-------+-------++-------
Melee: Hand axe          |    50 |     8 ||    58
Invok: Berserk           |     3 |     1 ||     4
  Eat: Chunk             |     1 |     1 ||     2
